 Dungeon Crawl Stone Soup version 0.25.1-8-g42b30a86e7 (webtiles) character file.

Game seed: 2124064280712414130

4411 Gabide the Stinger (level 10, -1/70 HPs)
             Began as a Human Wanderer on Dec 16, 2020.
             Was a Believer of Vehumet.
             Slain by a hippogriff (6 damage)
             ... on level 8 of the Dungeon.
             The game lasted 00:41:11 (9564 turns).

Gabide the Stinger (Human Wanderer)                 Turns: 9564, Time: 00:41:12

Health: -1/70      AC:  8    Str: 12    XL:     10   Next: 62%
Magic:  15/19      EV: 13    Int: 14    God:    Vehumet [**....]
Gold:   480        SH:  0    Dex: 21    Spells: 15/21 levels left

rFire    + . .     SeeInvis +   v - +0 great mace
rCold    . . .     Gourm    .   (shield currently unavailable)
rNeg     . . .     Faith    .   b - +0 ring mail
rPois    .         Spirit   .   d - +0 hat {SInv}
rElec    .         Reflect  .   e - +2 cloak
rCorr    .         Harm     .   (no gloves)
MR       .....                  (no boots)
Stlth    ++........             w - amulet of regeneration
HPRegen  0.61/turn              m - ring of protection from fire
MPRegen  0.16/turn              q - +6 ring of dexterity

@: drained
A: no striking features
a: Renounce Religion


You were on level 8 of the Dungeon.
You worshipped Vehumet.
Vehumet was pleased with you.
You were not hungry.

You visited 1 branch of the dungeon, and saw 8 of its levels.

You collected 480 gold pieces.

Inventory:

Hand Weapons
 k - a +5 vorpal trident
 p - a +1 vampiric dagger
 v - a +0 great mace (weapon)
Missiles
 g - 38 poisoned darts (quivered)
Armour
 b - a +0 ring mail (worn)
 d - a +0 hat of see invisible (worn)
 e - a +2 cloak (worn)
 r - a +0 helmet
Jewellery
 m - a ring of protection from fire (left hand)
 q - a +6 ring of dexterity (right hand)
 w - an amulet of regeneration (around neck)
Wands
 l - a wand of clouds (2)
 s - a wand of iceblast (8)
Scrolls
 a - a scroll of remove curse
 i - a scroll of identify
Potions
 c - a potion of resistance
 h - 3 potions of flight
 n - 4 potions of ambrosia
 o - 2 potions of magic
 x - a potion of mutation {unknown}
Miscellaneous
 u - a box of beasts
Comestibles
 f - 6 rations


   Skills:
 + Level 3.4(2.3) Fighting
 - Level 2.4(1.4) Short Blades
 * Level 5.5(4.4) Maces & Flails
 - Level 0.7(0.0) Polearms
 - Level 1.0(0.0) Throwing
 + Level 4.3(3.2) Armour
 * Level 5.2(4.1) Dodging
 - Level 2.3(1.3) Stealth
   Level 1.0(0.0) Shields
 + Level 6.4(5.2) Spellcasting
 + Level 0.2(0.0) Conjurations
 + Level 5.5(4.4) Air Magic
 + Level 6.4(5.2) Poison Magic


You had 15 spell levels left.
You knew the following spells:

 Your Spells              Type           Power        Failure   Level  Hunger
a - Sting                 Tmut/Pois      ##..         12%         1    None
b - Poisonous Vapours     Pois/Air       ###...       8%          2    ##.....
c - Mephitic Cloud        Conj/Pois/Air  ##......     28%         3    ###....

Your spell library contained the following spells:

 Spells                   Type           Power        Failure   Level  Hunger
 Freeze                   Ice            #...         36%         1    None
 Corpse Rot               Necr/Air       N/A          22%         2    ##.....
 Swiftness                Chrm/Air       #.......     22%         2    ##.....
 Beastly Appendage        Tmut           #.....       36%         1    None
 Spider Form              Tmut/Pois      ##........   36%         3    ###....
 Olgreb's Toxic Radiance  Pois           ###.....     38%         4    ####...
 Ignite Poison            Fire/Tmut/Pois #.......     47%         3    ###....
 Sticks to Snakes         Tmut           #.......     50%         2    ##.....
 Ice Form                 Ice/Tmut       #.......     98%         4    ####...
 Blade Hands              Tmut           #.........   100%        5    ######.


Dungeon Overview and Level Annotations

Branches:
Dungeon (9/15)
 Temple: D:4-7         Lair: D:8-11         Orc: D:9-12

Altars:
Ashenzari
Cheibriados
Dithmenos
Elyvilon
Hepliaklqana
Ru
Sif Muna
Trog
Vehumet
Xom

Annotations:
D:8 Maurice


Message History

Aiming: Poisonous Vapours (safe; 8% risk of failure)
Press: ? - help, Dir - move target cursor, f/p - hippogriff
Aim: a hippogriff Poisonous vapours surround the hippogriff!
The hippogriff is engulfed in poison gas.
The hippogriff is poisoned.
The hippogriff bites you but does no damage.
The hippogriff barely misses you. The hippogriff claws you.
* * * LOW HITPOINT WARNING * * *
Casting: Poisonous Vapours (safe; 8% risk of failure)
Confirm with . or Enter, or press ? or * to list all spells.
Aiming: Poisonous Vapours (safe; 8% risk of failure)
Press: ? - help, Dir - move target cursor, f/p - hippogriff
Aim: a hippogriff (lightly wounded, poisoned) Poisonous vapours surround the hippogriff!
The hippogriff is engulfed in poison gas.
The hippogriff looks even sicker.
The hippogriff bites you.
* * * LOW HITPOINT WARNING * * *
The hippogriff pecks you.
You die...

............
#.###......#
#.#.#......#
####.#.#....<.#
+......#....).##
####.#.# #)..#
#.#.# #.#.#
#.#.#####.# #
#.#...@HZ.#.#
#.#########.## .#
#.#########..# .#
#............##.#
#..[.........##.#
#.............#.#
#...^.......#.#.#
#...........#...#
#...........##..#


You could see a hippogriff (very poisoned) and an adder zombie.

Vanquished Creatures
  Gastronok (D:9)
  3 trolls (D:9)
  Duvessa (D:4)
  An ice beast (D:4)
  A sky beast (D:6)
  2 orc warriors
  A black bear (D:9)
  An ogre (D:9)
  A gnoll sergeant (D:9)
  2 bullfrogs
  Dowan (D:4)
  2 jellies
  5 killer bees (D:9)
  3 wights
  3 howler monkeys (D:9)
  5 crimson imps
  A quasit (D:9)
  2 hounds
  2 orc priests
  6 orc wizards
  2 iguanas (D:9)
  Jessica (D:3)
  A gnoll shaman (D:5)
  2 worker ants
  A hound skeleton (D:9)
  A hound zombie (D:4)
  A worker ant zombie (D:5)
  9 gnolls
  7 adders
  An ooze (D:4)
  2 adder skeletons
  4 worms
  2 dart slugs (D:3)
  2 leopard geckos
  13 orcs
  2 giant cockroaches
  6 goblins
  4 hobgoblins
  4 jackals (D:9)
  3 quokkas
  3 ball pythons
  12 bats
  A frilled lizard (D:4)
  5 kobolds
  A leopard gecko skeleton (D:6)
  6 rats
140 creatures vanquished.

Vanquished Creatures (collateral kills)
  A killer bee (D:9)
1 creature vanquished.

Grand Total: 141 creatures vanquished

Notes
Turn   | Place    | Note
-------+----------+-------------------------------------------
     0 | D:1      | Gabide the Human Wanderer began the quest for the Orb.
     0 | D:1      | Gabide set off with the following items: a +0 spear, a +0
                  | robe, a ration; and the following spell memorised: Sting;
                  | and the following spells available to memorise: Poisonous
                  | Vapours, Corpse Rot, Swiftness, Mephitic Cloud, Ignite
                  | Poison, Olgreb's Toxic Radiance
     0 | D:1      | Reached XP level 1. HP: 15/15 MP: 3/3
   740 | D:1      | Reached XP level 2. HP: 11/21 MP: 1/5
   846 | D:1      | Learned a level 2 spell: Poisonous Vapours
  1255 | D:2      | Reached XP level 3. HP: 26/26 MP: 4/7
  2293 | D:3      | Found a snail-covered altar of Cheibriados.
  2405 | D:3      | Reached XP level 4. HP: 32/32 MP: 3/8
  2775 | D:2      | Learned a level 3 spell: Mephitic Cloud
  3015 | D:3      | Reached XP level 5. HP: 37/37 MP: 7/10
  3076 | D:3      | Noticed Jessica
  3084 | D:3      | Killed Jessica
  3378 | D:3      | Found a faded altar of an unknown god.
  3726 | D:4      | Reached XP level 6. HP: 38/43 MP: 4/11
  3830 | D:4      | Found a bloodstained altar of Trog.
  4567 | D:4      | Noticed Dowan
  4568 | D:4      | Noticed Duvessa
  4575 | D:4      | Killed Duvessa
  4576 | D:4      | Killed Dowan
  4576 | D:4      | Reached XP level 7. HP: 44/48 MP: 0/13
  4853 | D:5      | Entered Level 5 of the Dungeon
  5156 | D:5      | Reached skill level 1 in Short Blades
  5850 | D:5      | Reached XP level 8. HP: 50/54 MP: 3/14
  6714 | D:5      | Found a radiant altar of Vehumet.
  6718 | D:5      | Found a sacrificial altar of Ru.
  6719 | D:5      | Found a shimmering altar of Xom.
  6719 | D:5      | Found a shimmering blue altar of Sif Muna.
  6721 | D:5      | Found a hazy altar of Hepliaklqana.
  6723 | D:5      | Found a white marble altar of Elyvilon.
  6724 | D:5      | Found a shadowy altar of Dithmenos.
  6755 | D:5      | Became a worshipper of Vehumet
  7578 | D:6      | You fall into a shaft and drop 2 floors!
  7579 | D:8      | Noticed Maurice
  7818 | D:9      | Reached skill level 1 in Armour
  7818 | D:9      | Reached skill level 5 in Spellcasting
  8025 | D:9      | Noticed a troll
  8030 | D:9      | Killed a troll
  8030 | D:9      | Reached skill level 1 in Maces & Flails
  8030 | D:9      | Reached XP level 9. HP: 61/61 MP: 5/16
  8033 | D:9      | Found a shattered altar of Ashenzari.
  8134 | D:9      | Reached skill level 5 in Poison Magic
  8158 | D:9      | Noticed a troll
  8176 | D:9      | Killed a troll
  8361 | D:9      | Found a shattered altar of Ashenzari.
  8398 | D:9      | Noticed Gastronok
  8465 | D:9      | Killed Gastronok
  8465 | D:9      | Reached skill level 5 in Maces & Flails
  8465 | D:9      | Reached skill level 5 in Dodging
  8465 | D:9      | Reached skill level 5 in Air Magic
  8465 | D:9      | Reached XP level 10. HP: 27/68 MP: 0/19
  8613 | D:9      | Reached * piety under Vehumet
  8613 | D:9      | Offered knowledge of Magic Dart by Vehumet.
  9539 | D:8      | Offered knowledge of Freeze by Vehumet.
  9555 | D:8      | Reached ** piety under Vehumet
  9557 | D:8      | HP: 3/70 [hippogriff (5)]
  9564 | D:8      | Slain by a hippogriff

Illustrated notes

Levels and vault maps discovered:
D:1:      dpeg_arrival_pits, layout_basic
D:2:      kennysheep_big_flooded_room, layout_rooms, first_ration,
          roderic_lattice_a, minmay_misc_feat_more_columns, minmay_heptomino_d4
D:3:      layout_rooms, cheibriados_altar_1, chequers_ecumenical_altar_twisty,
          uniq_jessica
D:4:      layout_layer_cave, serial_glass, glass_columns_b, glass_columns_a,
          glass_columns_a, glass_columns_a, glass_columns_c, bloody_trog,
          uniq_duvessa
D:5:      layout_cave_pools, minitemple, kennysheep_generic_room_3
D:6:      layout_cave_pools
D:8:      layout_basic, hangedman_pestilent_swarm, uniq_maurice
D:9:      layout_roguey, kennysheep_mini_moat, basic_altar, uniq_gastronok

Skill      XL: |  1  2  3  4  5  6  7  8  9 10 |
---------------+-------------------------------+-----
Spellcasting   | 3 4 5 6 |  6.4
Dodging        | 2 3 4 5 |  5.2
Poison Magic   | 2 3 4 6 |  6.4
Air Magic      | 3 4 5 |  5.5
Short Blades   | 1 2 |  2.4
Stealth        | 2 |  2.3
Armour         | 1 4 |  4.3
Maces & Flails | 1 5 |  5.5
Fighting       | 2 3 |  3.4
Polearms       | |  0.7
Throwing       | |  1.0
Shields        | |  1.0
Conjurations   | |  0.2

Action                   |  1- 3 |  4- 6 |  7- 9 | 10-12 || total
-------------------------+-------+-------+-------+-------++-------
Melee: Spear             |    95 |     9 |       |       ||   104
       Dagger            |       |    20 |   298 |       ||   318
       Great mace        |       |       |    46 |    70 ||   116
       Trident           |       |       |       |    28 ||    28
Throw: Dart              |     3 |     4 |    14 |     1 ||    22
 Cast: Sting             |    16 |       |    22 |     8 ||    46
       Poisonous Vapours |    11 |    47 |    82 |    27 ||   167
       Mephitic Cloud    |       |       |     2 |     9 ||    11
Evoke: Wand              |       |       |     1 |     1 ||     2
  Use: Scroll            |    10 |     3 |     2 |     4 ||    19
       Potion            |       |       |     4 |     1 ||     5
 Stab: Sleeping          |     4 |     1 |     2 |       ||     7
       Invisible         |       |       |     2 |       ||     2
       Confused          |       |       |       |     4 ||     4
  Eat: Chunk             |     4 |     5 |     5 |       ||    14
       Ration            |     1 |     1 |     3 |     2 ||     7
Armor: Robe              |    34 |    18 |    59 |       ||   111
       Ring mail         |       |       |    62 |    52 ||   114
Dodge: Dodged            |    57 |    39 |   364 |    83 ||   543
